 Dungeon Crawl Stone Soup version 0.23.2-1-ga50397a (webtiles) character file.

Game seed: 6671495859887752249

19 MajorAdolf the Magician (level 2, -2/27 HPs)
             Began as a Naga Wanderer on Apr 25, 2019.
             Slain by an adder (3 damage)
             ... on level 1 of the Dungeon.
             The game lasted 00:02:58 (1441 turns).

MajorAdolf the Magician (Naga Wanderer)             Turns: 1441, Time: 00:02:59

Health: -2/27      AC:  3    Str: 13    XL:     2   Next: 75%
Magic:  6/6        EV:  8    Int: 11    God:
Gold:   35         SH:  0    Dex: 12    Spells: 7/7 levels left

rFire    . . .     SeeInvis +   e - +0 hunting sling
rCold    . . .     Gourm    .   (no shield)
rNeg     . . .     Faith    .   i - +0 ring mail
rPois    +         Spirit   .   (no helmet)
rElec    .         Reflect  .   (no cloak)
rCorr    .         Harm     .   (no gloves)
MR       .....                  (no barding)
Stlth    +.........             (no amulet)
HPRegen  0.09/turn              (no ring)
MPRegen  0.10/turn              (no ring)

@: lethally poisoned (-2 -> -6), very slow
A: large, see invisible, deformed body, poison resistance, slowness 2, slow
metabolism 1, spit poison 1, AC +0
a: Spit Poison


You were on level 1 of the Dungeon.
You were hungry.

You visited 1 branch of the dungeon, and saw 2 of its levels.

You collected 35 gold pieces.

Inventory:

Hand Weapons
 e - a +0 hunting sling (weapon)
 h - a +0 dagger
Missiles
 g - 20 sling bullets (quivered)
Armour
 i - a +0 ring mail (worn)
Jewellery
 b - an uncursed ring of stealth {unknown}
 d - an uncursed ring of poison resistance {unknown}
Scrolls
 a - a scroll of identify {unknown}
 c - a scroll of enchant weapon {unknown}
Comestibles
 f - 3 rations


   Skills:
 + Level 2.6 Fighting
   Level 1.0 Bows
 + Level 1.2 Armour
   Level 1.0 Shields
 - Level 3.0 Spellcasting
   Level 2.0 Hexes
   Level 1.0 Evocations


You had 7 spell levels left.
You didn't know any spells.
Your spell library contained the following spells:

 Spells                   Type           Power        Failure   Level  Hunger
 Slow                     Hex            #.......     36%         2    ###....
 Beastly Appendage        Tmut           #.....       50%         1    #......
 Magic Dart               Conj           #...         50%         1    #......
 Blink                    Tloc           N/A          63%         2    ###....
 Call Imp                 Summ           #.......     63%         2    ###....
 Conjure Flame            Conj/Fire      #.......     86%         3    ###....
 Ignite Poison            Fire/Tmut/Pois #.......     86%         3    ###....
 Mephitic Cloud           Conj/Pois/Air  #.......     86%         3    ###....


Dungeon Overview and Level Annotations

Branches:
Dungeon (2/15)

Altars:


Innate Abilities, Weirdness & Mutations

You cannot wear boots.
Your serpentine skin is tough. (AC +0)
You have supernaturally acute eyesight. (SInv)
Armour fits poorly on your strangely shaped body.
Your system is resistant to poisons. (rPois)
You cover ground very slowly.
You have a slow metabolism.
You can spit poison.


Message History

* * * LOW HITPOINT WARNING * * *
You are lethally poisoned!
The adder poisons you! The adder closely misses you.
The adder bites you but does no damage.
You aren't carrying any potions.
Unknown command.
You aren't carrying any potions.
Okay, then.
Welcome back, MajorAdolf the Naga Wanderer.
Press ? for a list of commands and other information.
You can't do that yet.
Firing (i - inventory)
g - 21 sling bullets (quivered)
Press: ? - help, Shift-Dir - straight line, f - adder
Aim: an adder (poisoned)
You shoot a sling bullet. The sling bullet hits the adder!
The adder is severely wounded.
You have got your breath back.
* * * LOW HITPOINT WARNING * * *
You feel sick. The adder bites you.
You die...

##################
#@S.....(.........
#S##....##########
#.##..........####
#.................
####...######.####
############## #...# #.# ##
#............# #...# #.# #.
#............####...######.#
#.
#............#..........##.#
#.


You could see 2 adders.

Vanquished Creatures
  A dart slug (D:1)
  A leopard gecko (D:1)
  2 giant cockroaches (D:1)
  2 goblins (D:1)
  2 hobgoblins (D:1)
  A kobold (D:1)
  2 bats (D:1)
  5 rats (D:1)
16 creatures vanquished.

Notes
Turn   | Place    | Note
-------+----------+-------------------------------------------
     0 | D:1      | MajorAdolf the Naga Wanderer began the quest for the Orb.
     0 | D:1      | MajorAdolf set off with the following items: a +0 club, a
                  | +0 robe, a ration; and the following spells available to
                  | memorise: Slow, Beastly Appendage, Magic Dart, Blink, Call
                  | Imp, Conjure Flame, Ignite Poison, Mephitic Cloud
     0 | D:1      | Reached XP level 1. HP: 19/19 MP: 4/4
   448 | D:1      | Reached XP level 2. HP: 27/27 MP: 6/6
   708 | D:1      | Reached skill level 1 in Armour
  1441 | D:1      | HP: 1/27 [poisoned by an adder]
  1441 | D:1      | Slain by an adder

Skill      XL: |  1  2 |
---------------+-------+-----
Armour         | 1 |  1.2
Fighting       | |  2.6
Bows           | |  1.0
Shields        | |  1.0
Spellcasting   | |  3.0
Hexes          | |  2.0
Evocations     | |  1.0

Action                   || total
-------------------------++-------
Melee: Club              ||    11
       Dagger            ||    15
 Fire: Hunting sling     ||     7
 Abil: Spit Poison       ||    19
  Eat: Chunk             ||     1
Armor: Robe              ||     6
       Ring mail         ||     4
Dodge: Dodged            ||    19
